3L
BUCKHEAD BOWTIES @ SEATTLE ROCKETEERS
05/19/2038
 
TOP OF THE 1ST
Buckhead Bowties batting - Pitching for Seattle Rocketeers : RHP Dahab Kanda
Pitching: RHP Dahab Kanda
Batting: SHB Nuygen Vuong 0-0: Ball
1-0: Swinging Strike
1-1: Swinging Strike
1-2: Ball
2-2: Ground out U3 (Groundball, 3, EV 94.4 MPH)
Batting: LHB Shunso Kiyomizu 0-0: Ball
1-0: SINGLE (Groundball, 4MD, EV 105.6 MPH)
Batting: LHB Marcus Shill 0-0: Called Strike
0-1: DOUBLE (Line Drive, 78D, EV 101.2 MPH)
Shunso Kiyomizu to third
Batting: LHB Jesús Encarnación 0-0: Called Strike
0-1: Ball
1-1: Foul Ball, location: 2F
1-2: Foul Ball, location: 2F
1-2: SINGLE (Flyball, 78M, EV 91.2 MPH)
Shunso Kiyomizu scores
Marcus Shill to third
Runner from 3rd tries for Home, SAFE, throw by LF to home
Jesús Encarnación to second
Batting: RHB Emílio Agramónte 0-0: Ball
1-0: Foul Ball, location: 2F
1-1: Ball
2-1: Foul Ball, location: 2F
2-2: Strikes out swinging
Batting: RHB Barsati Saraf 0-0: Called Strike
0-1: SINGLE (Groundball, 4S, EV 68.8 MPH) (infield hit)
Jesús Encarnación to third
Batting: LHB Badry Maksimenov 0-0: Ball
1-0: Called Strike
1-1: Foul Ball, location: 2F
1-2: Strikes out swinging
Top of the 1st over - 2 runs, 4 hits, 0 errors, 2 left on base; Buckhead 2 - Seattle 0
BOTTOM OF THE 1ST
Seattle Rocketeers batting - Pitching for Buckhead Bowties : LHP Dale Hamilton
Pitching: LHP Dale Hamilton
Batting: RHB José Jarca 0-0: Ball
1-0: Foul Ball, location: 2F
1-1: Ball
2-1: Foul Ball, location: 2F
2-2: Strikes out looking
Batting: RHB Bogumil Tiwontschik 0-0: Foul Ball, location: 2F
0-1: Ball
1-1: Called Strike
1-2: Ball
2-2: Strikes out swinging
Batting: RHB Meester Gobbles-Rooster 0-0: Ball
1-0: Swinging Strike
1-1: Ball
2-1: Ground out 3-1 (Groundball, 34S, EV 84.4 MPH)
Bottom of the 1st over - 0 runs, 0 hits, 0 errors, 0 left on base; Buckhead 2 - Seattle 0
TOP OF THE 2ND
Buckhead Bowties batting - Pitching for Seattle Rocketeers : RHP Dahab Kanda
Batting: RHB Nick Bechtel 0-0: Ball
1-0: Foul Ball, location: 2F
1-1: Ball
2-1: Ball
3-1: Fly out, F7 (Line Drive, 7, EV 89.4 MPH)
Batting: SHB Henrique de Senna Fernandes 0-0: Ball
1-0: Fly out, F6 (Popup, 6MD, EV 58.1 MPH)
Batting: SHB Nuygen Vuong 0-0: Ball
1-0: Ball
2-0: Ball
3-0: Called Strike
3-1: Called Strike
3-2: Foul Ball, location: 2F
3-2: Base on Balls
Batting: LHB Shunso Kiyomizu 0-0: Called Strike
Nuygen Vuong steals 2nd base
0-1: SINGLE (Groundball, 4MD, EV 94.4 MPH)
Nuygen Vuong to third
Runner from 3rd tries for Home, SAFE, throw by CF to home
Batting: LHB Marcus Shill 0-0: Fly out, F8 (Flyball, 8LM, EV 86.9 MPH)
Top of the 2nd over - 1 run, 1 hit, 0 errors, 1 left on base; Buckhead 3 - Seattle 0
BOTTOM OF THE 2ND
Seattle Rocketeers batting - Pitching for Buckhead Bowties : LHP Dale Hamilton
Batting: RHB Claudio Tappen 0-0: SINGLE (Groundball, 5L, EV 101.9 MPH)
Batting: RHB Alain Grosjean 0-0: SINGLE (Groundball, 34D, EV 101.2 MPH)
Claudio Tappen to second
Runner from 2nd tries for 3rd, SAFE, no throw by RF
Batting: RHB Arturo Rodríguez 0-0: Ball
Wild Pitch!
Claudio Tappen scores
Alain Grosjean to second
1-0: Foul Ball, location: 2F
1-1: Called Strike
1-2: Ball
2-2: Ball
3-2: Base on Balls
Pitching: RHP Omar Morales
Batting: LHB Thierry Honoré 0-0: Grounds into double play, 3-6-3 (Groundball, 34, EV 81.2 MPH)
Alain Grosjean to third
Batting: SHB Lodd Felton 0-0: Ball
1-0: Foul Ball, location: 2F
1-1: Ball
2-1: Fly out, F7 (Line Drive, 7, EV 86.9 MPH)
Bottom of the 2nd over - 1 run, 2 hits, 0 errors, 1 left on base; Buckhead 3 - Seattle 1
TOP OF THE 3RD
Buckhead Bowties batting - Pitching for Seattle Rocketeers : RHP Dahab Kanda
Batting: LHB Jesús Encarnación 0-0: Foul Ball, location: 2F
0-1: Ball
1-1: Foul Ball, location: 2F
1-2: Ball
2-2: SOLO HOME RUN (Flyball, 7LD, EV 88.1 MPH), Distance : 333 ft
Batting: RHB Emílio Agramónte 0-0: Ball
1-0: Ball
2-0: Called Strike
2-1: Fly out, F8 (Flyball, 89D, EV 105.0 MPH)
Batting: RHB Barsati Saraf 0-0: Foul Ball, location: 2F
0-1: Fly out, F4 (Popup, 34D, EV 66.9 MPH)
Batting: LHB Badry Maksimenov 0-0: Foul Ball, location: 2F
0-1: Ground out 4-3 (Groundball, 34, EV 83.8 MPH)
Top of the 3rd over - 1 run, 1 hit, 0 errors, 0 left on base; Buckhead 4 - Seattle 1
BOTTOM OF THE 3RD
Seattle Rocketeers batting - Pitching for Buckhead Bowties : RHP Omar Morales
Batting: SHB Joam Francia 0-0: Called Strike
0-1: Foul Ball, location: 2F
0-2: Strikes out swinging
Batting: RHB José Jarca 0-0: Ball
1-0: Ball
2-0: Called Strike
2-1: Foul Ball, location: 2F
2-2: Ball
3-2: Fly out, F7 (Flyball, 78M, EV 94.4 MPH)
Batting: RHB Bogumil Tiwontschik 0-0: Called Strike
0-1: Ball
1-1: Ball
2-1: Ball
3-1: Base on Balls
Batting: RHB Meester Gobbles-Rooster 0-0: Called Strike
0-1: Ball
1-1: Foul Ball, location: 2F
1-2: Strikes out looking
Bottom of the 3rd over - 0 runs, 0 hits, 0 errors, 1 left on base; Buckhead 4 - Seattle 1
TOP OF THE 4TH
Buckhead Bowties batting - Pitching for Seattle Rocketeers : RHP Dahab Kanda
Batting: RHB Nick Bechtel 0-0: Called Strike
0-1: Fly out, F5 (Line Drive, 5, EV 69.4 MPH)
Batting: SHB Henrique de Senna Fernandes 0-0: Ball
1-0: Ball
2-0: Foul Ball, location: 2F
2-1: SINGLE (Groundball, 34D, EV 98.8 MPH)
Batting: SHB Nuygen Vuong 0-0: Ball
1-0: Foul Ball, location: 2F
1-1: Ball
2-1: Ball
Henrique de Senna Fernandes steals 2nd base
3-1: Swinging Strike
3-2: Ground out 6-3 (Groundball, 6S, EV 80.0 MPH)
Henrique de Senna Fernandes to third
Batting: LHB Shunso Kiyomizu 0-0: Foul Ball, location: 2F
0-1: Foul Ball, location: 2F
0-2: Ball
1-2: Ball
2-2: Foul Ball, location: 2F
2-2: Foul Ball, location: 2F
2-2: Foul Ball, location: 2F
2-2: Strikes out swinging
Top of the 4th over - 0 runs, 1 hit, 0 errors, 1 left on base; Buckhead 4 - Seattle 1
BOTTOM OF THE 4TH
Seattle Rocketeers batting - Pitching for Buckhead Bowties : RHP Omar Morales
Batting: RHB Claudio Tappen 0-0: Called Strike
0-1: Ball
1-1: Ball
2-1: Foul Ball, location: 2F
2-2: Foul Ball, location: 2F
2-2: TRIPLE (Flyball, 89XD, EV 100.0 MPH)
Batting: RHB Alain Grosjean 0-0: Called Strike
0-1: Called Strike
0-2: SINGLE (Line Drive, 34D, EV 94.4 MPH)
Claudio Tappen scores
Batting: RHB Arturo Rodríguez 0-0: Called Strike
0-1: Called Strike
0-2: Ball
1-2: Ball
2-2: Foul Ball, location: 2F
2-2: Strikes out swinging
Batting: LHB Thierry Honoré 0-0: Ball
1-0: Fly out, F1 (Line Drive, P, EV 71.2 MPH)
Batting: SHB Lodd Felton 0-0: Ball
1-0: Ball
2-0: Ball
3-0: Foul Ball, location: 2F
3-1: Called Strike
3-2: Base on Balls
Alain Grosjean to second
Batting: SHB Joam Francia 0-0: Foul Ball, location: 2F
0-1: Swinging Strike
0-2: Ball
1-2: Ball
2-2: Strikes out swinging
Bottom of the 4th over - 1 run, 2 hits, 0 errors, 2 left on base; Buckhead 4 - Seattle 2
TOP OF THE 5TH
Buckhead Bowties batting - Pitching for Seattle Rocketeers : RHP Dahab Kanda
Batting: LHB Marcus Shill 0-0: Swinging Strike
0-1: Swinging Strike
0-2: Foul Ball, location: 2F
0-2: Foul Ball, location: 2F
0-2: Foul Ball, location: 2F
0-2: Fly out, F5 (Line Drive, 5, EV 74.4 MPH)
Batting: LHB Jesús Encarnación 0-0: Fly out, F9 (Flyball, 8RS, EV 75.6 MPH)
Batting: RHB Emílio Agramónte 0-0: Ball
1-0: Ball
2-0: Called Strike
2-1: Ball
3-1: Base on Balls
Batting: RHB Barsati Saraf 0-0: SINGLE (Line Drive, 7LS, EV 86.9 MPH)
Emílio Agramónte to second
Batting: LHB Badry Maksimenov 0-0: Foul Ball, location: 2F
0-1: Ball
1-1: Foul Ball, location: 2F
1-2: Foul Ball, location: 2F
1-2: Ball
2-2: Foul Ball, location: 2F
2-2: Foul Ball, location: 2F
2-2: Foul Ball, location: 2F
2-2: Ball
3-2: SINGLE (Flyball, 89S, EV 97.5 MPH)
Emílio Agramónte to third
Barsati Saraf to second
Emílio Agramónte scores
Barsati Saraf to third
Batting: RHB Nick Bechtel 0-0: Ball
1-0: Foul Ball, location: 2F
1-1: Foul Ball, location: 2F
1-2: Ball
2-2: Fly out, F7 (Flyball, 78D, EV 83.1 MPH)
Top of the 5th over - 1 run, 2 hits, 0 errors, 2 left on base; Buckhead 5 - Seattle 2
BOTTOM OF THE 5TH
Seattle Rocketeers batting - Pitching for Buckhead Bowties : RHP Omar Morales
Batting: RHB José Jarca 0-0: Called Strike
0-1: Foul Ball, location: 2F
0-2: Strikes out swinging
Batting: RHB Bogumil Tiwontschik 0-0: Ball
1-0: Ball
2-0: Called Strike
2-1: Ball
3-1: Swinging Strike
3-2: DOUBLE (Line Drive, 7LM, EV 109.4 MPH)
Batting: RHB Meester Gobbles-Rooster 0-0: Foul Ball, location: 2F
0-1: Foul Ball, location: 2F
0-2: SINGLE (Groundball, 6MD, EV 96.2 MPH)
Bogumil Tiwontschik to third
Runner from 3rd tries for Home, SAFE, no throw by CF
Batting: RHB Claudio Tappen 0-0: Ball
1-0: Ball
2-0: SINGLE (Flyball, 9LS, EV 95.6 MPH)
Meester Gobbles-Rooster to second
Runner from 2nd tries for 3rd, SAFE, no throw by RF
Batting: RHB Alain Grosjean 0-0: Foul Ball, location: 2F
0-1: 3-RUN HOME RUN (Flyball, 8LXD, EV 92.5 MPH), Distance : 432 ft
Pitching: RHP Roderick Miller
Batting: RHB Arturo Rodríguez 0-0: Ball
1-0: Called Strike
1-1: Ball
2-1: Ground out 4-3 (Groundball, 4, EV 87.5 MPH)
Batting: LHB Thierry Honoré 0-0: Ball
1-0: Ball
2-0: Called Strike
2-1: Ball
3-1: Base on Balls
Batting: SHB Lodd Felton 0-0: Called Strike
0-1: Fielders Choice at 2nd, 6-4 (Groundball, 6, EV 83.1 MPH)
Bottom of the 5th over - 4 runs, 4 hits, 0 errors, 1 left on base; Buckhead 5 - Seattle 6
TOP OF THE 6TH
Buckhead Bowties batting - Pitching for Seattle Rocketeers : RHP Dahab Kanda
Batting: SHB Henrique de Senna Fernandes 0-0: Swinging Strike
0-1: Ball
1-1: Foul Ball, location: 2F
1-2: Ball
2-2: Ball
3-2: DOUBLE (Line Drive, 7LM, EV 107.5 MPH)
Batting: SHB Nuygen Vuong 0-0: Ball
1-0: Swinging Strike
1-1: Ball
2-1: SINGLE (Groundball, 34, EV 99.4 MPH)
Henrique de Senna Fernandes to third
Runner from 3rd tries for Home, SAFE, throw by RF to home
Pitching: RHP Zach Rediker
Batting: LHB Shunso Kiyomizu 0-0: Bunt - Flyout to P! F1
Batting: LHB Marcus Shill 0-0: Ball
1-0: Called Strike
Nuygen Vuong is caught stealing 2nd base 2-6
1-1: Called Strike
1-2: Ball
2-2: Ball
3-2: SINGLE (Groundball, 4MD, EV 105.6 MPH)
Batting: LHB Jesús Encarnación 0-0: Ball
1-0: Fly out, F6 (Popup, 6, EV 60.6 MPH)
Top of the 6th over - 1 run, 3 hits, 0 errors, 1 left on base; Buckhead 6 - Seattle 6
BOTTOM OF THE 6TH
Seattle Rocketeers batting - Pitching for Buckhead Bowties : RHP Roderick Miller
Batting: SHB Joam Francia 0-0: Called Strike
0-1: Called Strike
0-2: Strikes out swinging, 2-3 out at first.
Batting: RHB José Jarca 0-0: Ball
1-0: Ball
2-0: SINGLE (Flyball, 8LS, EV 91.9 MPH)
Batting: RHB Bogumil Tiwontschik 0-0: Called Strike
José Jarca steals 2nd base
0-1: Foul Ball, location: 2F
0-2: SINGLE (Groundball, 56D, EV 98.1 MPH)
José Jarca to third
Runner from 3rd tries for Home, SAFE, throw by LF to home
Batting: RHB Meester Gobbles-Rooster 0-0: Ground out 6-3 (Groundball, 6S, EV 75.0 MPH)
Bogumil Tiwontschik to second
Batting: RHB Claudio Tappen 0-0: Ball
1-0: Foul Ball, location: 2F
1-1: Called Strike
1-2: Foul Ball, location: 2F
1-2: SINGLE (Groundball, 56D, EV 94.4 MPH)
Bogumil Tiwontschik to third
Runner from 3rd tries for Home, SAFE, throw by LF to home
Batting: RHB Alain Grosjean 0-0: Foul Ball, location: 2F
0-1: Fly out, F5 (Popup, 5DF, EV 70.0 MPH)
Bottom of the 6th over - 2 runs, 3 hits, 0 errors, 1 left on base; Buckhead 6 - Seattle 8
TOP OF THE 7TH
Buckhead Bowties batting - Pitching for Seattle Rocketeers : RHP Zach Rediker
Batting: RHB Emílio Agramónte 0-0: Ball
1-0: Ground out 6-3 (Groundball, 6, EV 85.0 MPH)
Batting: RHB Barsati Saraf 0-0: Ball
1-0: Ground out 6-3 (Groundball, 6, EV 108.1 MPH)
Batting: LHB Badry Maksimenov 0-0: Called Strike
0-1: Foul Ball, location: 2F
0-2: Foul Ball, location: 2F
0-2: Foul Ball, location: 2F
0-2: Ball
1-2: Ball
2-2: Ground out 5-3 (Groundball, 56S, EV 65.6 MPH)
Top of the 7th over - 0 runs, 0 hits, 0 errors, 0 left on base; Buckhead 6 - Seattle 8
BOTTOM OF THE 7TH
Seattle Rocketeers batting - Pitching for Buckhead Bowties : RHP Roderick Miller
Batting: RHB Arturo Rodríguez 0-0: Ball
1-0: Called Strike
1-1: Ground out 6-3 (Groundball, 6, EV 104.4 MPH)
Batting: LHB Thierry Honoré 0-0: Called Strike
0-1: Called Strike
0-2: Ball
1-2: Ground out 6-3 (Groundball, 6, EV 107.5 MPH)
Batting: SHB Lodd Felton 0-0: Ball
1-0: SINGLE (Groundball, 34D, EV 104.4 MPH)
Pitching: RHP Wong Fei-Hung
Batting: SHB Joam Francia 0-0: Ball
1-0: Swinging Strike
1-1: Fielders Choice at 2nd, U6 (Groundball, 6M, EV 101.2 MPH)
Bottom of the 7th over - 0 runs, 1 hit, 0 errors, 1 left on base; Buckhead 6 - Seattle 8
TOP OF THE 8TH
Buckhead Bowties batting - Pitching for Seattle Rocketeers : RHP Zach Rediker
Batting: RHB Nick Bechtel 0-0: Called Strike
0-1: Ball
1-1: Foul Ball, location: 2F
1-2: Ball
2-2: Ball
3-2: Base on Balls
Batting: SHB Henrique de Senna Fernandes 0-0: Fly out, F7 (Flyball, 78M, EV 91.2 MPH)
Batting: SHB Nuygen Vuong 0-0: Swinging Strike
0-1: Swinging Strike
0-2: Ball
1-2: Ball
2-2: Ball
3-2: Base on Balls
Nick Bechtel to second
Pitching: RHP Júlio Enríquez
Batting: LHB Shunso Kiyomizu 0-0: Ball
1-0: Ball
2-0: Foul Ball, location: 2F
2-1: Ball
3-1: Fly out, F7 (Line Drive, 7, EV 105.6 MPH)
Batting: LHB Marcus Shill 0-0: Swinging Strike
0-1: Ball
1-1: 3-RUN HOME RUN (Flyball, 89XD, EV 95.6 MPH), Distance : 426 ft
Batting: LHB Jesús Encarnación 0-0: Ground out U3 (Groundball, 3L, EV 80.0 MPH)
Top of the 8th over - 3 runs, 1 hit, 0 errors, 0 left on base; Buckhead 9 - Seattle 8
BOTTOM OF THE 8TH
Seattle Rocketeers batting - Pitching for Buckhead Bowties : RHP Wong Fei-Hung
Batting: RHB José Jarca 0-0: Ball
1-0: Called Strike
1-1: Ground out U3 (Groundball, 3, EV 78.8 MPH)
Batting: RHB Bogumil Tiwontschik 0-0: Foul Ball, location: 2F
0-1: Ball
1-1: Ball
2-1: Ball
3-1: Called Strike
3-2: Ground out 1-3 (Groundball, P, EV 65.0 MPH)
Batting: RHB Meester Gobbles-Rooster 0-0: Ball
1-0: Ball
2-0: Foul Ball, location: 2F
2-1: Foul Ball, location: 2F
2-2: Fly out, F8 (Flyball, 8LXD, EV 103.1 MPH)
Bottom of the 8th over - 0 runs, 0 hits, 0 errors, 0 left on base; Buckhead 9 - Seattle 8
TOP OF THE 9TH
Buckhead Bowties batting - Pitching for Seattle Rocketeers : RHP Júlio Enríquez
Batting: RHB Emílio Agramónte 0-0: Called Strike
0-1: Swinging Strike
0-2: Ball
1-2: Ball
2-2: Ball
3-2: SINGLE (Flyball, 8RS, EV 99.4 MPH)
Batting: RHB Barsati Saraf 0-0: Ball
1-0: Ball
2-0: Called Strike
2-1: Bunted foul
2-2: Foul Ball, location: 2F
2-2: Fly out, F3 (Popup, 3SF, EV 40.0 MPH)
Batting: LHB Badry Maksimenov 0-0: Called Strike
0-1: Ball
1-1: Foul Ball, location: 2F
1-2: Ball
2-2: Fielders Choice at 2nd, 4-6 (Groundball, 4, EV 84.4 MPH)
Batting: RHB Nick Bechtel 0-0: Ball
1-0: Ball
2-0: Ball
3-0: Called Strike
3-1: Base on Balls
Badry Maksimenov to second
Pitching: LHP Kenny Luker
Batting: SHB Henrique de Senna Fernandes 0-0: Ball
1-0: Foul Ball, location: 2F
1-1: Foul Ball, location: 2F
1-2: Foul Ball, location: 2F
1-2: Ball
2-2: Foul Ball, location: 2F
2-2: Foul Ball, location: 2F
2-2: Ball
3-2: Strikes out looking
Top of the 9th over - 0 runs, 1 hit, 0 errors, 2 left on base; Buckhead 9 - Seattle 8
BOTTOM OF THE 9TH
Seattle Rocketeers batting - Pitching for Buckhead Bowties : RHP Wong Fei-Hung
Pitching: RHP Nand Lal Chaudhary
Batting: RHB Claudio Tappen 0-0: Ball
1-0: Foul Ball, location: 2F
1-1: Swinging Strike
1-2: Fly out, F8 (Flyball, 89D, EV 103.1 MPH)
Batting: RHB Alain Grosjean 0-0: Called Strike
0-1: Ground out 6-3 (Groundball, 6, EV 79.4 MPH)
Batting: RHB Arturo Rodríguez 0-0: Fly out, F9 (Flyball, 9LS, EV 80.6 MPH)
Bottom of the 9th over - 0 runs, 0 hits, 0 errors, 0 left on base; Buckhead 9 - Seattle 8
Friday, April 17th, 2020 - OOTP Baseball 20.8 Build 74